 Dungeon Sprint DCSS version 0.26-a0-690-gcb57259078 (webtiles) character file.

Game seed: 8444322247148124819

11286 olmar the Metallomancer (level 11, 76/81 HPs)
             Began as a Deep Dwarf Earth Elementalist on Oct 23, 2020.
             Was an Initiate of Gozag.
             Got out of the dungeon alive.
             The game lasted 00:08:19 (3326 turns).

olmar the Metallomancer (DDEE)                      Turns: 3326, Time: 00:08:20

Health: 76/81      AC:  6    Str: 11    XL:     11   Next: 47%
Magic:  31/31      EV: 12    Int: 20    God:    Gozag
Gold:   3881       SH:  0    Dex: 13    Spells: 36/42 levels left

rFire    . . .     SeeInvis .   s - staff of death
rCold    . . .     Faith    .   (no shield)
rNeg     + . .     Spirit   .   c - +0 robe
rPois    .         Reflect  .   (no helmet)
rElec    .         Harm     .   (no cloak)
rCorr    .         Rampage  .   p - +0 pair of gloves
MR       +....     NoTele   +   r - +2 pair of boots {Stlth+}
Stlth    +++.......             (no amulet)
HPRegen  0.00/turn              (no ring)
MPRegen  0.22/turn              (no ring)

@: non-regenerating
A: damage resistance, heal wounds, sense surroundings 2, no regeneration
a: Heal Wounds, Potion Petition, Call Merchant, Bribe Branch, Renounce Religion


You escaped.
You worshipped Gozag.
Gozag was most pleased with you.
You visited 1 branch You collected 5534 gold pieces.
You spent 240 gold pieces at shops.
You paid 1413 gold pieces to Gozag.

Inventory:

Missiles
 b - 40 stones (quivered)
Armour
 c - a +0 robe (worn)
 p - a +0 pair of gloves (worn)
 q - a +0 pair of boots
 r - a +2 pair of boots of stealth (worn)
Magical Staves
 s - an uncursed staff of death (weapon)
Jewellery
 n - a +3 ring of dexterity
 o - a +3 ring of evasion
 C - an uncursed ring of ice
Scrolls
 i - a scroll of blinking
 j - 5 scrolls of remove curse
 k - 5 scrolls of amnesia
 l - a scroll of summoning
 y - 4 scrolls of enchant weapon
 z - a scroll of fear
 A - 3 scrolls of identify
 B - 2 scrolls of enchant armour
Potions
 a - 2 potions of berserk rage
 d - 12 potions of curing
 e - 11 potions of heal wounds
 f - 3 potions of haste
 g - 2 potions of magic
 h - 2 potions of invisibility
 m - 2 potions of might
 t - 3 potions of stabbing
 u - a potion of brilliance
 v - a potion of resistance
 w - a potion of mutation
 x - a potion of ambrosia


   Skills:
 - Level 2.1 Dodging
 - Level 2.4 Stealth
 + Level 16.2 Spellcasting
   Level 0.8 Transmutations
 + Level 24.0 Earth Magic


You had 36 spell levels left.
You knew the following spells:

 Your Spells              Type           Power        Failure   Level
a - Sandblast             Erth           ######       0%          1
b - Lee's Rapid Deconstr  Erth           #######...   0%          5

Your spell library contained the following spells:

 Spells                   Type           Power        Failure   Level
 Passwall                 Tmut/Erth      ######..     1%          2
 Stone Arrow              Conj/Erth      ######       1%          3
 Petrify                  Tmut/Erth      ######..     1%          4


Dungeon Overview and Level Annotations

Branches:
Dungeon (1/1)

Altars:
Ashenzari
Cheibriados
Dithmenos
Elyvilon
Fedhas
Gozag
Hepliaklqana
Kikubaaqudgha
Makhleb
Nemelex Xobeh
Okawaru
Qazlal
Ru
Sif Muna
Trog
Uskayaw
Vehumet
Wu Jian
Xom
Yredelemnul
Zin
The Shining One
Beogh
Jiyva
Lugonu

Shops:
D ([


Innate Abilities, Weirdness & Mutations

You are resistant to damage.
You can heal yourself by infusing magical energy.
You passively map the area around you.
You do not regenerate.


Message History

Things that are here:
a +0 rapier; a +0 robe You see here 4 large rocks.
There is an open door here.
There is an open gate here.
You see here a cursed -3 long sword.
Items here: ))) [.
Things that are here:
a +0 giant spiked club; a +0 giant spiked club
There is an entrance to Parifody's Antique Armour Emporium here.
There is an entrance to Anwyvvem's Weapon Boutique here.
There is a huge open gate to the Metal Vault (Medium) here.
There is a huge open gate to the Metal Vault (Medium) here.
Unknown command.
There is an open door to the Entrance Hall (Safe) here.
There is a staircase leading out of the dungeon here.
Are you sure you want to leave the Dungeon?
This will make you lose the game!
Alright, then stay!
Are you sure you want to leave the Dungeon?
This will make you lose the game!
You have escaped!

##########.##................+ ,,
#...........'................+
#'#####'#####......#..#......#*
#.#..#..#..##................#
#.#..'..#))#####'#####''######*
#.#..####))##.......##''#########
#.#..#..#))##.......##.∩#........
#.#..#..#[[##.......##.∩##.......
#.##'#..#'###...@...##..####...#)
#.#..).....##.......##.)#..#####.
#.#........##.......##.)#)...##..
#'###########.......##..).....#(.
#.......#..###########.['(....'..
#.###...#.############..'.....#..
#.#.....#.#....#..[.##..#)...##..
#.#...#.#'#)...#..[.##..#..#####.
#.)...#.#.'....'..))##..####...#'


There were no monsters in sight!

Vanquished Creatures
  A catoblepas (D)
  3 two-headed ogres (D)
  A wolf spider (D)
  2 deep elf magi (D)
  A manticore (D)
  A cyclops (D)
  A merfolk siren (D)
  A rust devil (D)
  Psyche (D)
  A cane toad (D)
  2 kobold demonologists (D)
  An ice devil (D)
  A polar bear (D)
  A guardian mummy (D)
  A freezing wraith (D)
  4 blink frogs (D)
  A redback (D)
  A snapping turtle (D)
  A flying skull (D)
  A spriggan (D)
  A tarantella (D)
  A wyvern (D)
  A basilisk (shapeshifter) (D)
  A warg (D)
  A water moccasin (D)
  2 floating eyes (D)
  An ice beast (D)
  An orc warrior (D)
  A black bear (D)
  A phantom (D)
  A necrophage (D)
  10 wolves (D)
  A centaur (D)
  A big kobold (D)
  A small abomination (D)
  An earth elemental (D)
  3 killer bees (D)
  A crimson imp (D)
  A quasit (D)
  A hound (D)
  A worker ant (D)
  2 gnolls (D)
  2 adders (D)
  3 river rats (D)
  2 worms (D)
  A bat (D)
  A giant cockroach (D)
  A hobgoblin (D)
  4 jackals (D)
  A kobold (D)
  A ball python (D)
  A frilled lizard (D)
  A leopard gecko zombie (D)
80 creatures vanquished.

Notes
Turn   | Place    | Note
-------+----------+-------------------------------------------
     0 | D        | olmar the Deep Dwarf Earth Elementalist began the quest for
                  | the Orb.
     0 | D        | Reached XP level 1. HP: 15/15 MP: 3/3
    18 | D        | Reached skill level 6 in Earth Magic
    18 | D        | Reached XP level 2. HP: 4/22 MP: 0/5
    44 | D        | Found a glowing golden altar of the Shining One.
    44 | D        | Found a glowing silver altar of Zin.
    44 | D        | Found a basalt altar of Yredelemnul.
    44 | D        | Found a shimmering altar of Xom.
    44 | D        | Found an ornate altar of the Wu Jian Council.
    44 | D        | Found a bloodstained altar of Trog.
    44 | D        | Found a shimmering blue altar of Sif Muna.
    44 | D        | Found a sacrificial altar of Ru.
    44 | D        | Found a stormy altar of Qazlal.
    44 | D        | Found an iron altar of Okawaru.
    44 | D        | Found a sparkling altar of Nemelex Xobeh.
    44 | D        | Found a burning altar of Makhleb.
    44 | D        | Found a viscous altar of Jiyva.
    44 | D        | Found a hazy altar of Hepliaklqana.
    44 | D        | Found an opulent altar of Gozag.
    44 | D        | Found a blossoming altar of Fedhas.
    44 | D        | Found a white marble altar of Elyvilon.
    44 | D        | Found a shadowy altar of Dithmenos.
    44 | D        | Found a snail-covered altar of Cheibriados.
    45 | D        | Found a radiant altar of Vehumet.
    45 | D        | Found a corrupted altar of Lugonu.
    45 | D        | Found a roughly hewn altar of Beogh.
    46 | D        | Found an ancient bone altar of Kikubaaqudgha.
    46 | D        | Found a hide-covered altar of Uskayaw.
    46 | D        | Found a broken altar of Ashenzari.
    48 | D        | Became a worshipper of Gozag Ym Sagoz the Greedy
    57 | D        | Noticed a floating eye
    59 | D        | Reached skill level 7 in Earth Magic
    61 | D        | Killed a floating eye
    61 | D        | Reached skill level 11 in Earth Magic
    61 | D        | Reached XP level 3. HP: 28/28 MP: 1/9
    61 | D        | Reached XP level 4. HP: 36/36 MP: 1/10
   143 | D        | Reached XP level 5. HP: 34/42 MP: 4/12
   212 | D        | Learned a level 5 spell: Lee's Rapid Deconstruction
   315 | D        | Noticed a flying skull
   320 | D        | Killed a flying skull
   320 | D        | Reached skill level 13 in Earth Magic
   320 | D        | Reached XP level 6. HP: 40/49 MP: 0/15
   338 | D        | Noticed a floating eye
   340 | D        | Killed a floating eye
   340 | D        | Reached skill level 14 in Earth Magic
   627 | D        | Reached skill level 15 in Earth Magic
   635 | D        | Reached XP level 7. HP: 55/55 MP: 1/18
   770 | D        | Reached skill level 16 in Earth Magic
   869 | D        | Noticed a manticore
   876 | D        | Killed a manticore
   876 | D        | Reached skill level 17 in Earth Magic
   876 | D        | Reached XP level 8. HP: 62/62 MP: 4/21
   978 | D        | Noticed a deep elf mage
   978 | D        | Noticed a blink frog
   978 | D        | Noticed a blink frog
   978 | D        | Noticed a blink frog
   978 | D        | Noticed a blink frog
   981 | D        | Killed a blink frog
   981 | D        | Reached skill level 10 in Spellcasting
   981 | D        | Killed a deep elf mage
   981 | D        | Reached skill level 18 in Earth Magic
   982 | D        | Killed a blink frog
   982 | D        | Gained mutation: You passively map the area around you.
                  | [Deep Dwarf growth]
   982 | D        | Reached XP level 9. HP: 58/68 MP: 6/24
   983 | D        | Reached skill level 19 in Earth Magic
  1331 | D        | Bought a pair of runed boots for 240 gold pieces
  1346 | D        | Noticed a two-headed ogre
  1353 | D        | Killed a two-headed ogre
  1353 | D        | Reached skill level 20 in Earth Magic
  1555 | D        | Noticed a cyclops
  1556 | D        | Noticed a guardian mummy
  1587 | D        | Killed a guardian mummy
  1655 | D        | Noticed a merfolk siren
  1657 | D        | Killed a merfolk siren
  1657 | D        | Reached XP level 10. HP: 64/75 MP: 15/27
  1731 | D        | Noticed a rust devil
  1731 | D        | Reached skill level 21 in Earth Magic
  1974 | D        | Killed a cyclops
  1975 | D        | Noticed a wolf spider
  1977 | D        | Killed a wolf spider
  2236 | D        | Noticed a two-headed ogre
  2238 | D        | Reached skill level 22 in Earth Magic
  2242 | D        | Killed a two-headed ogre
  2360 | D        | Noticed a two-headed ogre
  2370 | D        | Killed a two-headed ogre
  2370 | D        | Reached skill level 15 in Spellcasting
  2370 | D        | Reached XP level 11. HP: 69/81 MP: 12/30
  2412 | D        | Noticed a deep elf mage
  2418 | D        | Killed a deep elf mage
  2445 | D        | Reached skill level 23 in Earth Magic
  2872 | D        | Noticed Psyche
  2874 | D        | Killed Psyche
  3023 | D        | Noticed a catoblepas
  3037 | D        | Killed a catoblepas
  3037 | D        | Reached skill level 24 in Earth Magic
  3326 | D        | Got out of the dungeon alive.

Illustrated notes

Levels and vault maps discovered:
D:        pitsprint [storerooms_1, entrance_room_1, metal_vault_1, armoury_2,
          mini_pit_1, grid_room_1, main_hall_1, silver_pit, the_coven_3,
          the_vestibule_1, steel_vault_4, golden_pit, hallway_of_sentries,
          crystal_vault_1, iron_vault_1, final_vault]

Skill      XL: |  1  2  3  4  5  6  7  8  9 10 11 |
---------------+----------------------------------+-----
Spellcasting   | 2 4 6 7 9 11 13 15 16 | 16.2
Earth Magic    | 6 11 13 15 17 18 20 22 24 | 24.0
Dodging        | |  2.1
Stealth        | |  2.4
Transmutations | |  0.8

Action                   |  1- 3 |  4- 6 |  7- 9 | 10-12 || total
-------------------------+-------+-------+-------+-------++-------
Melee: Unarmed           |     4 |       |       |       ||     4
 Cast: Sandblast         |     6 |    12 |     1 |     7 ||    26
       Lee's Rapid Decon |       |     6 |    25 |    51 ||    82
Invok: Call Merchant     |       |       |     2 |       ||     2
  Use: Potion            |     2 |     1 |     3 |     2 ||     8
Armor: Robe              |       |       |       |     2 ||     2
Dodge: Dodged            |     1 |     3 |     1 |     4 ||     9

Table legend: (Time is in decaauts)
 A = Elapsed time spent in this place.
 B = Non-inter-level travel time spent in this place.
 C = Inter-level travel time spent in this place.
 D = Time resting spent in this place.
 E = Time spent auto-exploring this place.
 F = Levels seen in this place.
 G = Mean time per level.
                   A        B        C        D        E       F      G
               +--------+--------+--------+--------+--------+-----+--------+
         Total |   3334 |   3199 |    135 |   2301 |    227 |   1 | 3334.0 |
       Dungeon |   3334 |   3199 |    135 |   2301 |    227 |   1 | 3334.0 |
               +--------+--------+--------+--------+--------+-----+--------+

Top non-repeatable levels by time:
       D: 3334 daAuts
